 Dungeon Crawl Stone Soup version 0.17-a0-119-g2b06fc5 (webtiles) character file.

447 Pikaro the Carver (level 6, -1/39 HPs)
             Began as a High Elf Skald on Mar 21, 2015.
             Slain by a sky beast (6 damage)
             ... on level 4 of the Dungeon.
             The game lasted 00:07:04 (2932 turns).

Pikaro the Carver (High Elf Skald)                  Turns: 2932, Time: 00:07:04

Health: -1/39      AC:  8    Str: 13    XL:     6   Next: 73%
Magic:  15/15      EV: 10    Int: 15    God:
Gold:   164        SH:  0    Dex: 16    Spells: 1 memorised, 8 levels left

rFire  . . .     SeeInvis .     a - +1 falchion
rCold  . . .     Clarity  .     e - +0 ring mail
rNeg   . . .     SustAb   .     (no shield)
rPois  .         Gourm    .     n - +0 helmet
rElec  .         Spirit   .     (no cloak)
rCorr  .         Warding  .     (no gloves)
rMut   .         Stasis   .     f - +1 pair of boots
MR     .....                    m - amulet of regeneration {+regen, !d}
Stlth  ++........               (no ring)
                                l - ring of stealth {Stlth+}

@: not resistant to hostile enchantments, unstealthy
A: no striking features
a: no special abilities


You were on level 4 of the Dungeon.
You were not hungry.

You visited 1 branch of the dungeon, and saw 4 of its levels.

You collected 164 gold pieces.

Inventory:

Hand weapons
 a - a +1 falchion (weapon)
 g - a +0 blowgun
   (You took it off a kobold on level 4 of the Dungeon)
Missiles
 i - 6 poisoned needles
Armour
 e - a +0 ring mail (worn)
   (You found it on level 1 of the Dungeon)
 f - a +1 pair of boots (worn)
   (You found it on level 1 of the Dungeon)
 n - a +0 helmet (worn)
   (You took it off Robin on level 2 of the Dungeon)
Jewellery
 l - a ring of stealth (left hand) {Stlth+}
   (You found it on level 1 of the Dungeon)
 m - an amulet of regeneration (around neck) {+regen, !d}
   (You found it on level 1 of the Dungeon)
Magical devices
 j - a wand of magic darts (46)
   (You found it on level 3 of the Dungeon)
Scrolls
 o - 4 scrolls of remove curse
 p - a scroll of enchant weapon
 r - a scroll of enchant armour
Potions
 b - a potion of ambrosia {!q}
 h - a potion of restore abilities
 k - 2 potions of might
 q - 2 potions of heal wounds
Books
 c - a book of Battle
Comestibles
 d - 3 bread rations
 s - 4 chunks of flesh


   Skills:
 - Level 2.0 Fighting
 + Level 8.8 Long Blades
 - Level 0.8 Armour
 - Level 1.1 Dodging
 - Level 2.4 Spellcasting
 - Level 3.6 Charms


You had 8 spell levels left.
You knew the following spells:

 Your Spells              Type           Power        Failure   Level  Hunger
A - Infusion              Chrm           ##....       12%         1    #......


Dungeon Overview and Level Annotations

Branches:
Dungeon (4/15)
 Temple: D:4-7

Altars:
Cheibriados


Message History

You start resting.
Health restored: 39; Total turns waited: 13 You see here a hound corpse.
A quokka skeleton comes into view.
Found a snail-covered altar of Cheibriados.
Your ring mail prevents you from hitting the quokka skeleton.
The quokka skeleton barely misses you.
You slash the quokka skeleton!
You destroy the quokka skeleton!
No target in view!
No target in view!
r - a scroll of enchant armour You now have 164 gold pieces (gained 9).
A giant cockroach comes into view.
The giant cockroach waves its antennae.
A bat comes into view.
The giant cockroach bites you but does no damage. x2
You hit the giant cockroach. The giant cockroach barely misses you.
You hit the giant cockroach.
You kill the giant cockroach!
The bat completely misses you.
You closely miss the bat. The bat closely misses you.
The bat hits you but does no damage. The bat closely misses you.
You hit the bat!
You kill the bat!
No target in view!
No target in view!
You see here a bat corpse.
A worker ant comes into view.
The worker ant bites you but does no damage.
You hit the worker ant. The worker ant completely misses you.
The worker ant bites you.
You are poisoned.
The worker ant poisons you!
You take 2 damage, and have 37/39 hp.
You closely miss the worker ant.
You feel sick.
The worker ant bites you but does no damage.
You take 1 damage, and have 36/39 hp.
You hit the worker ant. The worker ant barely misses you.
You hit the worker ant. The worker ant closely misses you.
You barely miss the worker ant.
You feel sick. The worker ant closely misses you.
You take 1 damage, and have 36/39 hp.
You hit the worker ant!
You kill the worker ant!
No target in view!
You start resting.
You feel sick. x2
You start resting.
Health restored: 39 You start waiting.
You feel sick.
You start waiting.
You feel sick.
You are no longer poisoned.
You take 1 damage, and have 38/39 hp.
You start resting.
Health restored: 39; Total turns waited: 16 You see here 23 stones.
A sky beast comes into view.
The sky beast flickers out of sight!
Deactivating autopickup; reactivate with Ctrl-A.
No target in view!
No target in view!
No target in view!
Something hits you. Something shocks you.
You take 6 damage, and have 33/39 hp.
You miss something.
A sky beast appears from thin air!
Reactivating autopickup.
The sky beast hits you. The sky beast shocks you.
You take 7 damage, and have 26/39 hp.
You closely miss the sky beast.
The sky beast hits you but does no damage.
You completely miss the sky beast.
The sky beast hits you but does no damage.
You hit the sky beast but do no damage. The sky beast closely misses you.
You slash the sky beast!
The sky beast hits you but does no damage.
You closely miss the sky beast. The sky beast hits you.
The sky beast shocks you.
You take 9 damage, and have 19/39 hp.
MASSIVE DAMAGE!!
You closely miss the sky beast.
The sky beast flickers out of sight!
Deactivating autopickup; reactivate with Ctrl-A.
Something hits you but does no damage.
You miss something. You hit something. Something hits you.
Something shocks you.
You take 7 damage, and have 13/39 hp.
You hit something. Something hits you but does no damage.
You miss something. Something hits you. Something shocks you.
* * * LOW HITPOINT WARNING * * *
You take 7 damage, and have 6/39 hp.
You hit something but do no damage. Something hits you but does no damage.
You barely miss something. Something hits you but does no damage.
You closely miss something.
A sky beast appears from thin air!
Reactivating autopickup.
The sky beast hits you.
* * * LOW HITPOINT WARNING * * *
The sky beast shocks you.
You die...

. #............ .
##........... ###.
##........... #....
.............
#..#...............
#..#...............
#..#.#.#...........
#.Y#...............
#.@#...#...########
#............# #
#....#####...######
###..............##
##....#...#.....##
#.........#.......
#.....#.#.#.#.#...
#.##......#.......
#.##......#...#...


You could see a sky beast.

Vanquished Creatures
  An ogre (D:4)
  The ghost of Pikaro the Slasher, an average HESk of Okawaru (D:3)
  2 hounds (D:4)
  An orc wizard (D:3)
  A worker ant (D:4)
  Robin (D:2)
  5 gnolls
  2 adders
  2 worms (D:2)
  2 giant geckos (D:1)
  2 orcs (D:3)
  9 bats
  6 giant cockroaches
  16 hobgoblins
  12 kobolds
  A quokka (D:3)
  A ball python (D:3)
  A giant newt (D:3)
  10 goblins
  11 jackals
  A quokka skeleton (D:4)
  15 rats
103 creatures vanquished.

Notes
Turn   | Place    | Note
--------------------------------------------------------------
     0 | D:1      | Pikaro, the High Elf Skald, began the quest for the Orb.
     0 | D:1      | Reached XP level 1. HP: 14/14 MP: 4/4
    68 | D:1      | Reached skill level 3 in Long Blades
    87 | D:1      | Reached XP level 2. HP: 6/19 MP: 6/6
   517 | D:1      | Reached skill level 4 in Long Blades
   592 | D:1      | Reached XP level 3. HP: 21/24 MP: 8/8
  1450 | D:2      | Reached skill level 5 in Long Blades
  1679 | D:2      | Noticed Robin
  1693 | D:2      | Reached XP level 4. HP: 21/29 MP: 11/11
  1710 | D:2      | HP: 4/29 [Robin/war axe (6)]
  1740 | D:2      | HP: 6/29 [hobgoblin[Robin] (2)]
  1741 | D:2      | Killed Robin
  2138 | D:3      | Noticed Pikaro's ghost (average HESk)
  2142 | D:3      | Reached skill level 6 in Long Blades
  2147 | D:3      | Killed Pikaro's ghost
  2147 | D:3      | Reached skill level 7 in Long Blades
  2147 | D:3      | Reached XP level 5. HP: 32/34 MP: 12/12
  2492 | D:3      | Reached XP level 6. HP: 30/39 MP: 15/15
  2734 | D:4      | Reached skill level 8 in Long Blades
  2834 | D:4      | Found a snail-covered altar of Cheibriados.
  2929 | D:4      | HP: 6/39 [something (6)]
  2932 | D:4      | Slain by a sky beast

Action                   |  1- 3 |  4- 6 || total
-------------------------+-------+-------++-------
Melee: Falchion          |   130 |   181 ||   311
 Cast: Infusion          |       |     2 ||     2
  Use: Scroll            |       |    10 ||    10
 Stab: Sleeping          |     4 |     1 ||     5
  Eat: Chunk             |     2 |     6 ||     8

Vault maps used:
D:1:      onia_arrival_pentagram, minmay_close_crescents
D:2:      uniq_robin
D:4:      cheibriados_altar_1, temple_green, hangedman_decor_lopped

Table legend:
 A = Turns spent in this place as a percentage of turns spent in the entire game.
 B = Non-inter-level travel turns spent in this place as a percentage of non-inter-level travel turns spent in the entire game.
 C = Inter-level travel turns spent in this place as a percentage of turns spent in this place.
 D = Turns resting spent in this place as a percentage of non-inter-level travel turns spent in this place.
 E = Turns spent auto-exploring this place as a percentage of non-inter-level travel turns spent in this place.
 F = Non-inter-level travel turns spent in this place divided by the number of levels of this place that you've seen.
                   A       B       C       D       E      F
               +-------+-------+-------+-------+-------+----------------------
         Total | 100.0 | 100.0 |   0.3 |   5.5 |   9.6 | 232.8
       Dungeon | 100.0 | 100.0 |   0.3 |   5.5 |   9.6 | 232.8
               +-------+-------+-------+-------+-------+----------------------

Table legend:
 A = Kills in this place as a percentage of kills in entire the game.
 B = Kills by you in this place as a percentage of kills by you in the entire game.
 C = Kills by friends in this place as a percentage of kills by friends in the entire game.
 D = Other kills in this place as a percentage of other kills in the entire game.
 E = Experience gained in this place as a percentage of experience gained in the entire game.
 F = Experience gained in this place divided by the number of levels of this place that you have seen.
                   A       B       C       D       E      F
               +-------+-------+-------+-------+-------+----------------------
         Total | 100.0 | 100.0 |  -nan |  -nan | 100.0 | 159.8
       Dungeon | 100.0 | 100.0 |  -nan |  -nan | 100.0 | 159.8
               +-------+-------+-------+-------+-------+----------------------
